 Dungeon Crawl Stone Soup version 0.29.0-4-gdea44cf6ec (webtiles) character file.

Game seed: 13124374879667341236

64 qw the Chopper (level 4, -2/28 HPs)
             Began as a Gargoyle Fighter on Sept 7, 2022.
             Slain by a gnoll
             ... wielding a +0 halberd
              (6 damage)
             ... on level 2 of the Dungeon.
             The game lasted 00:00:34 (1242 turns).

qw the Chopper (Gargoyle Fighter)                   Turns: 1242, Time: 00:00:34

Health: -2/28      AC: 10    Str: 22    XL:     4   Next: 12%
Magic:  4/4        EV:  9    Int:  8    God:
Gold:   98         SH:  4    Dex:  9    Spells: 3/3 levels left

rFire   . . .      SeeInvis .   Y - +0 war axe
rCold   . . .      Faith    .   c - +0 buckler
rNeg    + . .      Spirit   .   b - +0 scale mail
rPois   inf        Reflect  .   (no helmet)
rElec   +          Harm     .   (no cloak)
rCorr   .          Rampage  .   (no gloves)
Will    .....                   (no boots)
Stlth   ..........              (no amulet)
HPRegen 0.09/turn               (no ring)
MPRegen 0.09/turn               (no ring)

@: no status effects
A: sickness immunity, AC +3, negative energy resistance 1, electricity
resistance, torment resistance 1, petrification resistance
a: no special abilities


You were on level 2 of the Dungeon.
You visited 1 branch of the dungeon, and saw 2 of its levels.

You collected 98 gold pieces.


Innate Abilities, Weirdness & Mutations

You are immune to sickness and miasma.
Your stone body is resilient. (AC +3)
You are immune to poison.
You resist negative energy. (rN+)
You are resistant to electric shocks. (rElec)
You are resistant to unholy torment.
You are immune to petrification.


   Skills:
 - Level 3.2 Fighting
 + Level 3.9 Axes
 - Level 3.2 Armour
 - Level 3.2 Shields


You had 3 spell levels left.
You didn't know any spells.
Your spell library was empty.

Inventory:

Hand Weapons
 f - a +0 whip of electrocution
 Y - a +0 war axe (weapon)
Missiles
 j - 3 boomerangs (quivered)
Armour
 b - a +0 scale mail (worn)
 c - a +0 buckler (worn)
 e - a +0 cloak
Potions
 a - 2 potions of mutation {unknown}
 d - 2 potions of might
 h - a potion of curing {unknown}

Dungeon Overview and Level Annotations

Branches:
Dungeon (2/15)

Altars:


Message History

You start waiting.
A gnoll is nearby!
The gnoll hits you but does no damage.
A gnoll comes into view. It is wielding a +0 whip.
You closely miss the gnoll. You closely miss the gnoll.
You hit the gnoll but do no damage. The gnoll barely misses you.
The gnoll hits you with a +0 whip. The gnoll hits you with a +0 spear.
The gnoll hits you but does no damage.
You hit the gnoll.
The gnoll is heavily wounded.
You barely miss the gnoll. You block the gnoll's attack.
The gnoll hits you with a +0 whip.
You hit the gnoll.
The gnoll is severely wounded.
You hit the gnoll. You block the gnoll's attack. The gnoll closely misses you.
You closely miss the gnoll.
The gnoll is severely wounded.
You hit the gnoll. The gnoll closely misses you. You block the gnoll's attack.
A gnoll comes into view. It is wielding a +0 halberd.
The gnoll barely misses you. x2
The gnoll shouts!
You hit the gnoll.
The gnoll is almost dead.
You barely miss the gnoll. You block the gnoll's attack.
You barely miss the gnoll.
The gnoll is almost dead.
You slash the gnoll!
You kill the gnoll!
The gnoll barely misses you. x2
You hit the gnoll.
You kill the gnoll!
The gnoll hits you but does no damage.
The gnoll hits you from afar with a +0 halberd!
Ouch! That really hurt!
You have reached level 4!
You feel stronger. The gnoll hits you with a +0 halberd.
You die...

.. #.#..#.# ..#..... #+
####.. #+# #.. #.# #..
#.# ### ##. ########.##
#.# #. #...g.....###.#
#. #@)....##.## ##+#.
.......#....###..###..#.
....###)....<......#.##.
.. ##.######..#......
#.# #....).### ..#
#..>...# #### ########


You could see a gnoll.

Vanquished Creatures
  3 gnolls (D:2)
  A worm (D:2)
  4 ball pythons (D:1)
  2 bats (D:1)
  2 giant cockroaches (D:1)
  4 goblins
  3 hobgoblins (D:1)
  A quokka (D:1)
  A frilled lizard (D:1)
  6 kobolds
  6 rats
33 creatures vanquished.

Vanquished Creatures (others)
  A plant (D:1)
1 creature vanquished.

Grand Total: 34 creatures vanquished

Notes
Turn   | Place    | Note
-------+----------+-------------------------------------------
     0 | D:1      | qw the Gargoyle Fighter began the quest for the Orb.
     0 | D:1      | Reached XP level 1. HP: 14/14 MP: 1/1
     0 | D:1      | 0 ||| qw: Version: 0.1-a-108-g9e35731
     0 | D:1      | 0 ||| qw: Game counter: 6492
     0 | D:1      | 0 ||| qw: Always use a shield: true
     0 | D:1      | 0 ||| qw: God list: Okawaru
     0 | D:1      | 0 ||| qw: Allow faded altars: false
     0 | D:1      | 0 ||| qw: Do Orc after D:15 true
     0 | D:1      | 0 ||| qw: Do second Lair branch before Depths: true
     0 | D:1      | 0 ||| qw: Lair rune preference: random
     0 | D:1      | 0 ||| qw: Plans: Normal, Zot, God:TSO, Crypt, Tomb, Zig,
                  | Orb
     0 | D:1      | 0 ||| PLANNING D:1-11
   212 | D:1      | Reached XP level 2. HP: 10/19 MP: 2/2
   538 | D:1      | Found a faded altar of an unknown god.
   726 | D:1      | Reached skill level 3 in Axes
   889 | D:1      | Reached XP level 3. HP: 22/23 MP: 3/3
  1057 | D:1      | 1057 ||| READING scroll labelled KUNLUQUOJU.
  1061 | D:1      | 1061 ||| READING scroll labelled WYPTIXEDYASCH.
  1062 | D:1      | 1062 ||| READING scroll labelled FAABID ZETSE.
  1063 | D:1      | 1063 ||| READING scroll labelled SUCRAC RYOKH.
  1167 | D:2      | 1167 ||| DROPPING +0 whip.
  1230 | D:2      | 1230 ||| Stepping ~*~*~tactically~*~*~ (hiding).
  1241 | D:2      | HP: 3/23 [gnoll/+0 halberd (12)]
  1242 | D:2      | Reached XP level 4. HP: 4/28 MP: 4/4
  1242 | D:2      | Slain by a gnoll

Levels and vault maps discovered:
D:1:      lemuel_arrival_river_passageway, layout_rooms, serial_forest,
          infiniplex_forest_lined_3, infiniplex_forest_lined_room_2,
          infiniplex_forest_lined_3, infiniplex_forest_end_2,
          infiniplex_forest_clump_double, infiniplex_forest_end_3,
          infiniplex_forest_clump_curved, infiniplex_forest_straight_3,
          nicolae_ecumenical_snake_handling
D:2:      layout_loops_corners, chequers_serial_rivers_room_a,
          grunt_ministairs_14, nicolae_figureground_pulse

Skill      XL: |  1  2 |
---------------+-------+-----
Axes           | 2 3 |  3.9
Fighting       | |  3.2
Armour         | |  3.2
Shields        | |  3.2

Action                   |  1- 3 |  4- 6 || total
-------------------------+-------+-------++-------
Melee: War axe           |   101 |       ||   101
Throw: Boomerang         |     5 |       ||     5
  Use: Scroll            |     4 |       ||     4
Armor: Scale mail        |    48 |       ||    48
Dodge: Dodged            |    42 |       ||    42
Block: Buckler           |    16 |       ||    16

Table legend:
 A = Non-vault XP
 B = Vault XP
 C = Vault XP percentage of total XP
 D = Non-vault monster count
 E = Vault monster count
 F = Vault count percentage of total count
                 A         B        C        D         E       F
            +---------+---------+-------+---------+---------+-------
      Total |      89 |       3 |   3.3 |      31 |       2 |   6.1
            +---------+---------+-------+---------+---------+-------
        D:1 |      33 |       3 |   8.3 |      21 |       2 |   8.7
        D:2 |      56 |       0 |   0.0 |      10 |       0 |   0.0
            +---------+---------+-------+---------+---------+-------
